AoeStats
← sT_K'cifer!

Arabia

510245671Analyzed
2v2 RM · 2d ago on Sep 30, 2026· 48m 20s· 4 players
Game mode
Random Map
Map size
Medium (4 player)
Population
200
Speed
Normal
Resources
Standard
Victory
Conquest
Starting age
Dark Age
Ending age
Imperial Age
RankedLock teamsTeams togetherTeam positionsShared explorationLock speedFull tech treeHidden civsTurbo modeCheats
Victory
Defeat
🇦🇺 Koreans · Australia
1203
+14
🇦🇺 Goths · Australia
983
+22
🇨🇴 Wei · Colombia
1285
-24
🇨🇴 Vietnamese · Colombia
994
-12
moss_cow_
6:59 Loom
9:07 Feudal Age
9:51 Double-Bit Axe
19:32 Castle Age
18:12 Fletching
18:22 Gold Mining
18:15 Horse Collar
19:40 Crossbowman
21:22 Gold Shaft Mining
23:12 Bodkin Arrow
25:47 Bow Saw
26:31 Wheelbarrow
27:41 Thumb Ring
30:29 Ballistics
31:18 Hand Cart
31:28 Heavy Plow
35:07 Imperial Age
35:15 Arbalester
35:57 Bracer
37:37 Chemistry
41:59 Town Watch
42:43 Siege Engineers
43:31 Town Patrol
KBP
0:33 Loom
10:32 Feudal Age
10:51 Man-at-Arms
15:27 Forging
21:25 Castle Age
24:34 Squires
23:54 Long Swordsman
24:15 Pikeman
24:54 Town Watch
25:45 Wheelbarrow
24:58 Double-Bit Axe
29:11 Masonry
39:39 Imperial Age
42:21 Halberdier
43:04 Scale Mail Armor
43:39 Iron Casting
43:49 Architecture
44:13 Chain Mail Armor
44:27 Two-Handed Swordsman
46:45 Chemistry
sT_K'cifer!
7:27 Loom
10:01 Feudal Age
10:37 Double-Bit Axe
10:36 Horse Collar
23:25 Castle Age
22:15 Gold Mining
22:15 Stone Mining
23:51 Scale Barding Armor
23:56 Forging
24:29 Bloodlines
31:40 Fletching
41:43 Heavy Plow
42:21 Iron Casting
43:38 Chain Barding Armor
47:29 Husbandry
jgom974
11:57 Feudal Age
12:16 Man-at-Arms
23:20 Castle Age
22:43 Scale Barding Armor
24:10 Husbandry
42:29 Wheelbarrow
47:42 Elite Skirmisher
Connection lost

Rejoining the realm…

Still unreachable

The connection could not be restored.

Session expired

The server has moved on; the page needs a fresh start.